 Dungeon Crawl Stone Soup version 0.18.1-5-g4a78601 (webtiles) character file.

3038 PossumBlood the Cleaver (level 10, -1/80 HPs)
             Began as a Formicid Fighter on May 13, 2016.
             Was a Follower of Okawaru.
             Killed by divine providence
             ... invoked by an orc priest
              (14 damage)
             ... on level 7 of the Dungeon.
             The game lasted 00:15:49 (6331 turns).

PossumBlood the Cleaver (Formicid Fighter)          Turns: 6331, Time: 00:15:51

Health: -1/80      AC: 19    Str: 25    XL:     10   Next: 11%
Magic:  10/10      EV:  6    Int:  7    God:    Okawaru [*.....]
Gold:   371        SH: 11    Dex: 13    Spells: 0 memorised, 9 levels left

rFire  . . .     SeeInvis +     z - +1 hand axe (flame)
rCold  . . .     Gourm    .     h - +0 plate armour
rNeg   . . .     Faith    +     c - +0 shield
rPois  .         Spirit   .     (helmet unavailable)
rElec  .         Dismiss  .     i - +2 cloak
rCorr  .         Reflect  .     (no gloves)
SustAt .         Harm     .     m - +2 pair of boots
MR     ++...                    u - amulet of faith
Stlth  ..........               b - +3 ring of dexterity
                                x - ring of protection from magic

@: very resistant to hostile enchantments, extremely unstealthy
A: permanent stasis, dig shafts and tunnels, four strong arms, antennae 3
a: Dig, Shaft Self, Heroism, Renounce Religion


You were on level 7 of the Dungeon.
You worshipped Okawaru.
Okawaru was aware of your devotion.
You were not hungry.

You visited 2 branches of the dungeon, and saw 8 of its levels.

You collected 371 gold pieces.

Inventory:

Hand Weapons
 a - a +0 war axe
 z - a +1 hand axe of flaming (weapon)
Armour
 c - a +0 shield (worn)
 h - a +0 plate armour (worn)
 i - a +2 cloak (worn)
 m - a +2 pair of boots (worn)
Jewellery
 b - a +3 ring of dexterity (right hand)
 e - an uncursed ring of positive energy
 r - a +2 ring of dexterity
 u - an amulet of faith (around neck)
 x - a ring of protection from magic (left hand)
Wands
 y - a wand of slowing (15/48)
 A - a wand of confusion (36/48)
Scrolls
 d - 3 scrolls of identify
 j - 3 scrolls of amnesia
 k - a scroll of recharging
Potions
 g - a potion of heal wounds
 l - 2 potions of resistance
 n - 5 potions of curing {unknown}
 p - a potion of experience {unknown}
 q - a potion of lignification {unknown}
 s - a potion of cure mutation {unknown}
 t - a potion of mutation {unknown}
 w - a potion of haste {unknown}
Books
 v - a book of Geomancy

   Spells                             Type                      Level
   a - Sandblast                      Earth                        1
   b - Passwall                       Transmutation/Earth          2
   c - Stone Arrow                    Conjuration/Earth            3
   d - Petrify                        Transmutation/Earth          4
   e - Lee's Rapid Deconstruction     Earth                        5
Comestibles
 f - 2 bread rations
 o - 2 meat rations


   Skills:
 * Level 7.8 Fighting
 - Level 10.0 Axes
 - Level 6.3 Armour
 - Level 6.1 Shields


You had 9 spell levels left.
You didn't know any spells.

Dungeon Overview and Level Annotations

Branches:
Dungeon (7/15)             Temple (1/1) D:4

Altars:
Ashenzari
Cheibriados
Dithmenos
Elyvilon
Fedhas
Gozag
Kikubaaqudgha
Makhleb
Nemelex Xobeh
Okawaru
Pakellas
Qazlal
Sif Muna
Trog
Vehumet
Xom
Yredelemnul
Zin
The Shining One


Innate Abilities, Weirdness & Mutations

You are under a permanent stasis effect.
You can dig through walls and to a lower floor.
Your four strong arms can wield two-handed weapons with a shield.
You have a pair of large antennae on your head (SInv).


Message History

You hit the ogre but do no damage.
The ogre is lightly wounded.
You block the ogre's attack.
You barely miss the ogre.
The ogre is lightly wounded.
Your shield and plate armour prevent you from hitting the ogre.
The ogre is lightly wounded.
You block the ogre's attack.
You slash the ogre! You burn the ogre.
The ogre is heavily wounded.
You slash the ogre! You burn the ogre.
The ogre is almost dead.
The ogre hits you with a giant club!
You barely miss the ogre.
The ogre is severely wounded.
The ogre hits you with a giant club!
* * * LOW HITPOINT WARNING * * *
The orc priest mumbles some strange prayers to Beogh against you.
Beogh smites you!
You die...

##### ###...##
###...#..#
###...####.#####
#...####........
####o######.#######
#.@Ooo......
#.##o..##### #.
#...# #. =...# #.
....# #. .....
###.oo.## o..#


You could see an ogre, an orc priest and 3 orcs.

Vanquished Creatures
  The ghost of Potsanchik the Basher, a novice OgCK of Xom (D:6)
  Grinder (D:5)
  A hippogriff (D:7)
  Menkaure (D:4)
  A phantom (D:6)
  An ice beast (D:5)
  A sky beast (D:6)
  4 ogres
  A giant frog (D:6)
  A scorpion (D:6)
  A water moccasin skeleton (D:4)
  4 wights (D:6)
  4 howler monkeys (D:7)
  2 crimson imps
  2 orc priests
  3 hounds
  2 giant frog skeletons
  A jelly (D:5)
  4 orc wizards
  A centaur skeleton (D:6)
  A gnoll shaman (D:4)
  An iguana (D:6)
  5 worker ants
  5 adders
  12 gnolls
  3 shadow imps
  5 oozes
  An adder skeleton (D:4)
  4 worms
  A dart slug (D:1)
  5 giant geckos
  21 orcs
  A ball python (D:2)
  7 bats
  2 giant cockroaches (D:3)
  3 hobgoblins (D:1)
  17 jackals
  7 kobolds
  3 quokkas
  A giant newt (D:2)
  6 goblins
  2 jackal zombies (D:6)
  2 quokka skeletons (D:5)
  11 rats
  A spectral orc (D:2)
164 creatures vanquished.

Notes
Turn   | Place    | Note
--------------------------------------------------------------
     0 | D:1      | PossumBlood the Formicid Fighter began the quest for the Orb.
     0 | D:1      | Reached XP level 1. HP: 18/18 MP: 1/1
    28 | D:1      | Reached XP level 2. HP: 24/24 MP: 2/2
   113 | D:1      | Reached skill level 3 in Axes
   211 | D:1      | Reached XP level 3. HP: 29/29 MP: 3/3
   658 | D:2      | Reached XP level 4. HP: 34/35 MP: 4/4
   658 | D:2      | Reached skill level 4 in Axes
   758 | D:2      | Found a basalt altar of Yredelemnul.
  1011 | D:2      | Found a burning altar of Makhleb.
  1168 | D:2      | Reached XP level 5. HP: 26/41 MP: 5/5
  1317 | D:2      | Reached skill level 5 in Axes
  1802 | D:3      | Reached XP level 6. HP: 47/47 MP: 6/6
  2311 | D:4      | Noticed Menkaure
  2321 | D:4      | Killed Menkaure
  2321 | D:4      | Reached skill level 6 in Axes
  2510 | D:4      | Found a staircase to the Ecumenical Temple.
  2547 | Temple   | Entered the Ecumenical Temple
  2654 | D:4      | Reached XP level 7. HP: 48/53 MP: 7/7
  2693 | D:4      | Reached skill level 5 in Fighting
  3278 | D:4      | Reached XP level 8. HP: 24/65 MP: 8/8
  3678 | D:5      | Entered Level 5 of the Dungeon
  3678 | D:5      | Noticed Grinder
  3696 | D:5      | Reached skill level 5 in Armour
  3708 | D:5      | Killed Grinder
  4028 | D:5      | Reached skill level 5 in Shields
  4201 | D:5      | Reached XP level 9. HP: 53/71 MP: 9/9
  4787 | D:6      | Reached skill level 7 in Axes
  5145 | D:6      | Reached skill level 8 in Axes
  5232 | D:6      | Noticed Potsanchik's ghost (novice OgCK)
  5269 | D:6      | Killed Potsanchik's ghost
  5269 | D:6      | Reached skill level 9 in Axes
  5457 | D:6      | Found a burning altar of Makhleb.
  5463 | D:6      | Found a bloodstained altar of Trog.
  5463 | D:6      | Found a shattered altar of Ashenzari.
  5464 | D:6      | Found an iron altar of Okawaru.
  5467 | D:6      | Became a worshipper of Warmaster Okawaru
  5870 | D:6      | Reached skill level 10 in Axes
  6114 | D:7      | Reached XP level 10. HP: 77/77 MP: 10/10
  6160 | D:7      | Reached * piety under Okawaru
  6331 | D:7      | Killed from afar by an orc priest

Skill      XL: |  1  2  3  4  5  6  7  8  9 10 |
---------------+-------------------------------+-----
Axes           | 3 4 5 6 10 | 10.0
Fighting       | 6 7 |  7.8
Armour         | 6 |  6.3
Shields        | 5 6 |  6.1

Action                   |  1- 3 |  4- 6 |  7- 9 | 10-12 || total
-------------------------+-------+-------+-------+-------++-------
Melee: War axe           |    82 |   161 |   335 |    33 ||   611
       Hand axe          |       |       |       |    30 ||    30
  Use: Scroll            |       |     9 |     1 |       ||    10
       Potion            |       |     2 |     2 |       ||     4
 Stab: Invisible         |       |       |     1 |       ||     1
  Eat: Bread ration      |       |     1 |     1 |       ||     2
       Meat ration       |       |     1 |     1 |       ||     2
       Pizza             |       |       |     1 |       ||     1
Armor: Scale mail        |    39 |    83 |    84 |       ||   206
       Plate armour      |       |       |    44 |    34 ||    78
Dodge: Dodged            |    18 |    63 |    84 |    12 ||   177
Block: Shield            |    33 |    98 |   173 |    25 ||   329
